 Dungeon Sprint DCSS version 0.23-a0-396-g5214e5f (webtiles) character file.

12300000 namelastname112 the Conqueror (level 27, -29/249 HPs)
             Began as a Demonspawn Monk on Nov 2, 2018.
             Was the Champion of Makhleb.
             Annihilated by a fleshlord
             ... wielding a +9 great mace
              (151 damage)
             ... in the Dungeon (Sprint VIII: "Arena of Blood").
             The game lasted 00:02:05 (123 turns).

namelastname112 the Conqueror (Demonspawn Monk)      Turns: 123, Time: 00:02:07

Health: -29/249    AC:  4    Str: 12    XL:     27
Magic:  43/54      EV: 38    Int: 15    God:    Makhleb [******]
Gold:   0          SH:  8    Dex: 25    Spells: 80/80 levels left

rFire    . . .     SeeInvis .   i - +∞ Axe of Woe
rCold    + . .     Gourm    .   (shield currently unavailable)
rNeg     . . .     Faith    .   a - +0 robe
rPois    .         Spirit   .   (no helmet)
rElec    .         Reflect  .   (no cloak)
rCorr    .         Harm     .   (no gloves)
MR       ++...     NoTele   +   (boots unavailable)
Stlth    ++++++++++             (no amulet)
HPRegen  0.51/turn              (no ring)
MPRegen  0.34/turn              (no ring)

@: slowed, very slow
A: hooves 3, large bone plates 3, cold resistance 1, demonic guardian 3,
nightstalker 3, passive freeze, freezing cloud immunity
a: Minor Destruction, Lesser Servant of Makhleb, Major Destruction, Greater
Servant of Makhleb, Renounce Religion


You were in the Dungeon.
You worshipped Makhleb.
Makhleb was exalted by your worship.
You were not hungry.

You visited 1 branch

Inventory:

Hand Weapons
 i - the +∞ Axe of Woe (weapon)
   (You found it in the Dungeon)
Armour
 a - a +0 robe (worn)
Scrolls
 h - a scroll of blinking
Potions
 c - a potion of curing
 d - a potion of heal wounds
 e - a potion of haste
 f - 2 potions of magic
 g - a potion of berserk rage
Comestibles
 b - a ration


   Skills:
 O Level 27 Fighting
 O Level 27 Axes
 O Level 27 Throwing
 O Level 27 Armour
 O Level 27 Dodging
 O Level 27 Stealth
 O Level 27 Unarmed Combat
 O Level 27 Spellcasting
 O Level 27 Invocations


You had 80 spell levels left.
You didn't know any spells.
Your spell library was empty.

Dungeon Overview and Level Annotations

Branches:
Dungeon (1/1)

Altars:
Makhleb


Innate Abilities, Weirdness & Mutations

You have hooves in place of feet.
You are completely covered in large bone plates. (SH +8)
Your flesh is cold resistant. (rC+)
A powerful demonic guardian rushes to your aid.
You are completely attuned to the shadows.
A frigid envelope surrounds you and freezes all who hurt you.
You are immune to freezing clouds.


Message History

You hear a shout! x3
The fleshlord appears out of thin air!
A fleshlord comes into view. It is wielding a +9 great mace.
The meat berserker rages.
You block the bag of meat's attack.
The bag of meat barely misses your lorocyproca.
You hear a shout! x2
The eight-headed meat hydra misses your lorocyproca.
The eight-headed meat hydra bites your lorocyproca! x2
The eight-headed meat hydra bites your lorocyproca.
Your lorocyproca dies!
Some corpses begin to drag themselves along the ground!
Some corpses meld into agglomerations of writhing flesh!
The meat berserker closely misses your balrug.
You hear a shout! x2
Your balrug hits the fleshlord with a demon whip!
The fleshlord is engulfed in flames.
The fleshlord completely resists.
The fleshlord hits you with a +9 great mace!!!!!
Ouch! That really hurt!
You die...

.. .. #.. ..#
#... ..O#
.###.%. ..{###.
....%.###oDO...
....._@p.z.
#..x))#.. .
#_.p)X# ..
....#)X2x)#....
......)_Ox.....
.....%###......
.###... .%%###.
#... ...# #M.
....#


You could see an eight-headed meat hydra, 2 fleshlords, a sculptor of flesh, 2
large abominations, 3 meat berserkers, a bag of meat, 3 crawling corpses and a
friendly balrug.

Vanquished Creatures
  2 hell beasts (D)
  3 greater mummies (D)
  2 wraiths (D)
  5 vampire knights (D)
  20 ogres (D)
  2 two-headed ogres (D)
  22 orcs (D)
  A phantom (D)
  A sea snake (D)
58 creatures vanquished.

Notes
Turn   | Place    | Note
-------+----------+-------------------------------------------
     0 | D        | Found the +∞ Axe of Woe
     0 | D        | namelastname112 the Demonspawn Monk began the quest for the
                  | Orb.
     0 | D        | Reached XP level 1. HP: 18/18 MP: 1/1
     2 | D        | Noticed a meat berserker
     2 | D        | Noticed a bag of meat
     2 | D        | Noticed a bag of meat
     4 | D        | Became a worshipper of Makhleb the Destroyer
     4 | D        | Reached * piety under Makhleb
     4 | D        | Reached ** piety under Makhleb
     4 | D        | Noticed a meat berserker
     5 | D        | Killed a meat berserker
     5 | D        | Gained mutation: A weak demonic guardian rushes to your
                  | aid. [demonic ancestry]
     5 | D        | Reached XP level 2. HP: 49/49 MP: 2/2
     5 | D        | Gained mutation: A demonic guardian rushes to your aid.
                  | [demonic ancestry]
     5 | D        | Reached XP level 3. HP: 56/56 MP: 3/3
     5 | D        | Reached XP level 4. HP: 63/63 MP: 4/4
     5 | D        | Gained mutation: You are slightly more attuned to the
                  | shadows. [demonic ancestry]
     5 | D        | Reached XP level 5. HP: 69/69 MP: 5/5
     5 | D        | Gained mutation: You have large cloven feet. [demonic
                  | ancestry]
     5 | D        | Reached XP level 6. HP: 77/77 MP: 6/6
     5 | D        | Reached XP level 7. HP: 83/83 MP: 7/7
     5 | D        | Reached XP level 8. HP: 90/90 MP: 8/8
     5 | D        | Gained mutation: You are partially covered in large bone
                  | plates. (SH +4) [demonic ancestry]
     5 | D        | Reached XP level 9. HP: 97/97 MP: 9/9
     5 | D        | Reached XP level 10. HP: 104/104 MP: 10/10
     5 | D        | Gained mutation: You are mostly covered in large bone
                  | plates. (SH +6) [demonic ancestry]
     5 | D        | Reached XP level 11. HP: 110/110 MP: 11/11
     5 | D        | Gained mutation: You are significantly more attuned to the
                  | shadows. [demonic ancestry]
     5 | D        | Reached XP level 12. HP: 118/118 MP: 12/12
     5 | D        | Gained mutation: You are completely covered in large bone
                  | plates. (SH +8) [demonic ancestry]
     5 | D        | Reached XP level 13. HP: 124/124 MP: 13/13
     6 | D        | Killed a meat berserker
     6 | D        | Gained mutation: You have hoof-like feet. [demonic
                  | ancestry]
     6 | D        | Reached XP level 14. HP: 66/139 MP: 14/14
     6 | D        | Killed a bag of meat
     6 | D        | Noticed a bag of meat
     7 | D        | Killed a bag of meat
     7 | D        | Reached *** piety under Makhleb
     7 | D        | Reached XP level 15. HP: 150/150 MP: 15/15
     8 | D        | Reached skill level 10 in Axes
     8 | D        | Reached skill level 10 in Stealth
    11 | D        | Noticed a meat berserker
    16 | D        | Killed a meat berserker
    16 | D        | Gained mutation: A powerful demonic guardian rushes to your
                  | aid. [demonic ancestry]
    16 | D        | Reached XP level 16. HP: 164/164 MP: 16/16
    17 | D        | Reached **** piety under Makhleb
    19 | D        | Reached skill level 27 in Fighting
    19 | D        | Reached skill level 15 in Axes
    20 | D        | Noticed a destroyer
    21 | D        | Gained mutation: You have hooves in place of feet. [demonic
                  | ancestry]
    21 | D        | Reached XP level 17. HP: 174/174 MP: 17/17
    22 | D        | Killed a destroyer
    22 | D        | Reached ***** piety under Makhleb
    22 | D        | Noticed a large bag of meat
    26 | D        | Killed a large bag of meat
    26 | D        | Reached skill level 27 in Dodging
    26 | D        | Reached skill level 15 in Stealth
    26 | D        | Reached skill level 27 in Unarmed Combat
    26 | D        | Reached XP level 18. HP: 182/182 MP: 18/18
    28 | D        | Noticed a destroyer
    29 | D        | Noticed a meat berserker
    29 | D        | Noticed a meat berserker
    33 | D        | Killed a meat berserker
    33 | D        | Reached skill level 27 in Axes
    33 | D        | Killed a meat berserker
    33 | D        | Gained mutation: Your flesh is cold resistant. (rC+)
                  | [demonic ancestry]
    33 | D        | Reached XP level 19. HP: 189/189 MP: 19/19
    35 | D        | Killed a destroyer
    35 | D        | Reached skill level 27 in Stealth
    36 | D        | Noticed a destroyer
    37 | D        | Noticed a destroyer
    37 | D        | Noticed a large bag of meat
    40 | D        | Killed a destroyer
    40 | D        | Reached XP level 20. HP: 197/197 MP: 19/40
    53 | D        | Noticed an accursed
    54 | D        | Noticed a meat berserker
    54 | D        | Noticed a meat berserker
    57 | D        | Killed a meat berserker
    57 | D        | Reached ****** piety under Makhleb
    59 | D        | Noticed a large bag of meat
    60 | D        | Killed a meat berserker
    60 | D        | Reached XP level 21. HP: 204/204 MP: 24/44
    62 | D        | Reached skill level 27 in Invocations
    67 | D        | Noticed an accursed
    71 | D        | Noticed a destroyer
    73 | D        | Killed a large bag of meat
    73 | D        | Gained mutation: You are immune to freezing clouds.
                  | [demonic ancestry]
    73 | D        | Reached XP level 22. HP: 212/212 MP: 28/51
    75 | D        | Killed a destroyer
    75 | D        | Reached skill level 27 in Throwing
    75 | D        | Reached skill level 27 in Armour
    75 | D        | Reached skill level 27 in Spellcasting
    76 | D        | Noticed a meat beast
    76 | D        | Noticed an accursed
    77 | D        | Reached XP level 23. HP: 219/219 MP: 29/54
    80 | D        | Killed a meat beast
    80 | D        | Gained mutation: You are completely attuned to the shadows.
                  | [demonic ancestry]
    80 | D        | Reached XP level 24. HP: 227/227 MP: 30/54
    80 | D        | Noticed a meat beast
    81 | D        | Killed a meat beast
    81 | D        | Reached XP level 25. HP: 234/234 MP: 30/54
    82 | D        | Noticed a destroyer
    85 | D        | Killed a destroyer
    85 | D        | Gained mutation: A frigid envelope surrounds you and
                  | freezes all who hurt you. [demonic ancestry]
    85 | D        | Reached XP level 26. HP: 179/242 MP: 31/54
    85 | D        | Killed an accursed
    87 | D        | Reached XP level 27. HP: 249/249 MP: 32/54
    94 | D        | Noticed an accursed
    95 | D        | Killed an accursed
    97 | D        | Killed an accursed
   108 | D        | Noticed a dread
   112 | D        | Killed a dread
   115 | D        | Noticed a dread
   120 | D        | Noticed a fleshlord
   122 | D        | Killed a dread
   123 | D        | Noticed a fleshlord
   123 | D        | Annihilated by a fleshlord

Vault maps used:
D:        meatsprint

Skill      XL: |  1  2  3  4  5  6  7  8  9 10 11 12 13 14 15 16 17 18 19 20 21 22 |
---------------+-------------------------------------------------------------------+-----
Fighting       | 18 21 23 25 27 | 27.0
Axes           | 4 6 9 12 16 23 27 | 27.0
Dodging        | 17 19 21 23 25 27 | 27.0
Stealth        | 7 8 9 11 12 15 23 27 | 27.0
Unarmed Combat | 16 19 21 23 25 27 | 27.0
Throwing       | 16 19 25 27 | 27.0
Armour         | 16 19 25 27 | 27.0
Spellcasting   | 16 19 25 27 | 27.0
Invocations    | 21 26 27 | 27.0

Action                   |  1- 3 |  4- 6 |  7- 9 | 10-12 | 13-15 | 16-18 | 19-21 | 22-24 | 25-27 || total
-------------------------+-------+-------+-------+-------+-------+-------+-------+-------+-------++-------
Melee: Executioner's axe |     1 |       |       |       |     4 |     6 |     9 |     8 |    19 ||    47
 Stab: Distracted        |       |       |       |       |       |       |     1 |     1 |       ||     2
Dodge: Dodged            |       |       |       |       |     1 |       |       |       |     2 ||     3
Block: Other             |       |       |       |       |       |     1 |     1 |       |     2 ||     4

Table legend:
 A = Non-vault XP
 B = Vault XP
 C = Vault XP percentage of total XP
 D = Non-vault monster count
 E = Vault monster count
 F = Vault count percentage of total count
                 A         B        C        D         E       F
            +---------+---------+-------+---------+---------+-------
      Total | 1595798 |  543615 |  25.4 |      35 |      23 |  39.7
            +---------+---------+-------+---------+---------+-------
          D | 1595798 |  543615 |  25.4 |      35 |      23 |  39.7
            +---------+---------+-------+---------+---------+-------
